 Dungeon Crawl Stone Soup version 0.27-a0-1324-ge0d8e047f6 (webtiles) character file.

Game seed: 2086598966759001296

29 Sabo the Skirmisher (level 3, -3/24 HPs)
             Began as a Gargoyle Monk on June 23, 2021.
             Slain by an orc wizard (4 damage)
             ... on level 2 of the Dungeon.
             The game lasted 00:05:14 (1260 turns).

Sabo the Skirmisher (Gargoyle Monk)                 Turns: 1260, Time: 00:05:15

Health: -3/24      AC:  5    Str: 14    XL:     3   Next: 16%
Magic:  3/3        EV: 12    Int: 10    God:
Gold:   35         SH:  0    Dex: 13    Spells: 2/2 levels left

rFire    . . .     SeeInvis .   a - +0 mace
rCold    + . .     Faith    .   (no shield)
rNeg     + . .     Spirit   .   b - +0 robe
rPois    ∞         Reflect  .   (no helmet)
rElec    +         Harm     .   (no cloak)
rCorr    .         Rampage  .   (no gloves)
Will     .....                  (no boots)
Stlth    ++........             (no amulet)
HPRegen  0.08/turn              e - ring of protection from cold
MPRegen  0.08/turn              (no ring)

@: no status effects
A: sickness immunity, AC +3, negative energy resistance 1, electricity
resistance, torment resistance 1, petrification resistance
a: no special abilities


You were on level 2 of the Dungeon.
You visited 1 branch of the dungeon, and saw 2 of its levels.

You collected 35 gold pieces.

Inventory:

Hand Weapons
 a - a +0 mace (weapon)
Armour
 b - a +0 robe (worn)
Jewellery
 e - a ring of protection from cold (left hand)
Scrolls
 c - 2 scrolls of identify {unknown}
 d - a scroll of brand weapon {unknown}
 f - a scroll of immolation {unknown}
 i - a scroll of noise {unknown}
Potions
 g - a potion of might {unknown}
 h - a potion of brilliance {unknown}


   Skills:
 + Level 3.7 Fighting
 + Level 3.6 Maces & Flails
 + Level 2.6 Dodging
 + Level 2.3 Stealth


You had 2 spell levels left.
You didn't know any spells.
Your spell library contained the following spells:

 Spells                   Type           Power      Damage    Failure   Level
 Animate Skeleton         Necr           0%         N/A       36%         1
 Pain                     Necr           0%         1d4       36%         1
 Vampiric Draining        Necr           0%         2d6       75%         3
 Animate Dead             Necr           0%         N/A       98%         4
 Agony                    Necr           0%         N/A       100%        5


Dungeon Overview and Level Annotations

Branches:
Dungeon (2/15)

Altars:

Shops:
D:1 [*?


Innate Abilities, Weirdness & Mutations

You are immune to sickness and miasma.
Your stone body is resilient. (AC +3)
You are immune to poison.
You resist negative energy. (rN+)
You are resistant to electric shocks. (rElec)
You are resistant to unholy torment.
You are immune to petrification.


Message History

You hear some strange, mumbled words.
You are confused.
You bump into the rock wall.
The kobold throws a stone.
The stone hits you. Something hits you.
You closely miss something.
You hear some strange, mumbled words.
A magic dart appears from out of thin air!
The magic dart hits you!
The kobold throws a stone.
The stone hits you but does no damage.
You bump into the rock wall.
Something completely misses you.
You bump into the rock wall.
Something hits you but does no damage.
You bump into the rock wall.
Something hits you but does no damage. The kobold closely misses you.
You bump into the rock wall.
Something hits you but does no damage. The kobold hits you with a +0 whip.
You closely miss something.
You feel less confused. Something hits you.
* * * LOW HITPOINT WARNING * * *
The kobold misses you.
You barely miss the kobold.
You hear some strange, mumbled words.
A magic dart appears from out of thin air!
The magic dart hits you.
* * * LOW HITPOINT WARNING * * *
The kobold misses you. Something hits you but does no damage.
You hit the kobold.
The kobold is heavily wounded.
The kobold closely misses you. Something hits you but does no damage.
You hit the kobold.
You kill the kobold!
Something hits you but does no damage.
You completely miss something. Something hits you.
* * * LOW HITPOINT WARNING * * *
You hit something but do no damage. Something hits you but does no damage.
You closely miss something. Something barely misses you.
Something hits you but does no damage.
You closely miss something. Something hits you but does no damage.
You barely miss something. Something hits you.
You die...

# ##...###.# #.#....
..##.....##.###
#....##
.............###.#....
#.....#.....##††#
#..........##.#.#
#..[.........###
#.####...######### #)#
##........... #@#
############ #{# #o#
#.# #.# ..# ###


You could see an orc.

Vanquished Creatures
  A dart slug (D:1)
  An orc (D:2)
  2 bats (D:1)
  2 endoplasms (D:1)
  2 giant cockroaches (D:1)
  4 goblins (D:1)
  3 kobolds
  3 quokkas
  2 frilled lizards (D:1)
  3 rats (D:1)
23 creatures vanquished.

Notes
Turn   | Place    | Note
-------+----------+-------------------------------------------
     0 | D:1      | Sabo the Gargoyle Monk began the quest for the Orb.
     0 | D:1      | Reached XP level 1. HP: 14/14 MP: 1/1
    11 | D:1      | Found Fogirecs's Antique Armour Shop.
   221 | D:1      | Reached XP level 2. HP: 18/19 MP: 2/2
   269 | D:1      | Found Qunofuirgh's General Store.
   276 | D:1      | Found Ohollec's Magic Scroll Boutique.
  1000 | D:1      | Reached XP level 3. HP: 24/24 MP: 3/3
  1256 | D:2      | HP: 1/24 [something (3)]
  1260 | D:2      | Slain by an orc wizard

Illustrated notes

Levels and vault maps discovered:
D:1:      nicolae_arrival_memento_mori, layout_basic, serial_rivers,
          chequers_serial_rivers_room_a, chequers_serial_rivers_micro_e,
          chequers_serial_rivers_micro_e, chequers_serial_rivers_micro_c,
          serial_shops, shop, shop, shop, chequers_serial_rivers_micro_a
D:2:      layout_loops_ring, chequers_ecumenical_altar_simple,
          minmay_pentomino_q4

Action                   || total
-------------------------++-------
Melee: Mace              ||    82
Armor: Robe              ||    37
Dodge: Dodged            ||    68

Table legend: (Time is in decaauts)
 A = Elapsed time spent in this place.
 B = Non-inter-level travel time spent in this place.
 C = Inter-level travel time spent in this place.
 D = Time resting spent in this place.
 E = Time spent auto-exploring this place.
 F = Levels seen in this place.
 G = Mean time per level.
                   A        B        C        D        E       F      G
               +--------+--------+--------+--------+--------+-----+--------+
         Total |   1280 |   1280 |      0 |    461 |      0 |   2 |  640.0 |
       Dungeon |   1280 |   1280 |      0 |    461 |      0 |   2 |  640.0 |
               +--------+--------+--------+--------+--------+-----+--------+

Top non-repeatable levels by time:
     D:1: 1079 daAuts
     D:2: 201 daAuts
